 Dungeon Crawl Stone Soup version 0.28.0-43-g3370ac3207 (webtiles) character file.

Game seed: 10291454436045960287

16 terff the Sneak (level 2, -11/19 HPs)
             Began as an Octopode Brigand on Mar 20, 2022.
             Killed by nerve-wracking pain
             ... invoked by an orc priest
              (13 damage)
             ... on level 3 of the Dungeon.
             The game lasted 00:01:03 (333 turns).

terff the Sneak (Octopode Brigand)                   Turns: 333, Time: 00:01:03

Health: -11/19     AC:  1    Str: 10    XL:     2   Next: 58%
Magic:  2/2        EV: 12    Int: 13    God:
Gold:   47         SH:  0    Dex: 13    Spells: 1/1 levels left

rFire   . . .      SeeInvis .   f - +2 dagger (protect)
rCold   . . .      Faith    .   (no shield)
rNeg    . . .      Spirit   .   (helmet restricted)
rPois   .          Reflect  .   (no amulet)
rElec   .          Harm     .   (no ring)
rCorr   .          Rampage  .   (no ring)
Will    .....                   (no ring)
Stlth   ++++......              (no ring)
HPRegen 0.06/turn               (no ring)
MPRegen 0.08/turn               (no ring)
                                (no ring)
                                (no ring)

@: no status effects
A: almost no armour, amphibious, 8 rings, camouflage 1, gelatinous body 1,
(nimble swimmer 1), tentacles
a: no special abilities


You were on level 3 of the Dungeon.
You visited 1 branch of the dungeon, and saw 3 of its levels.

You collected 47 gold pieces.

Inventory:

Hand Weapons
 a - a +2 dagger
 f - a +2 dagger of protection (weapon)
Missiles
 b - 8 poisoned darts (quivered)
 c - 2 curare-tipped darts
Scrolls
 d - 2 scrolls of fear
Potions
 e - a potion of flight {unknown}


   Skills:
 + Level 2.0 Fighting
 + Level 2.3 Short Blades
 + Level 2.0 Throwing
 + Level 1.0 Dodging
 + Level 6.0 Stealth


You had one spell level left.
You didn't know any spells.
Your spell library contained the following spells:

 Spells                   Type           Power      Damage    Failure   Level
 Freeze                   Ice            0%         1d3       30%         1
 Frozen Ramparts          Ice            0%         1d2       67%         3
 Hailstorm                Conj/Ice       0%         3d3       97%         4


Dungeon Overview and Level Annotations

Branches:
Dungeon (3/15)

Altars:


Innate Abilities, Weirdness & Mutations

You cannot wear most types of armour.
You are amphibious.
You can wear up to eight rings at the same time.
Your skin changes colour to match your surroundings (Stealth+).
Your rubbery body absorbs attacks. (AC +1, EV +1)
((You are camouflaged when in or above water. (Stealth+)))
You have tentacles for arms and can constrict up to eight enemies at once.


Message History

You kill the ball python!
You have reached level 2!
f - a scroll labelled GEUTRY DOSU FUPP Key pressed, stopping explore.
As you read the scroll labelled KESIESI DOEKHO, it crumbles to dust.
You assume a fearsome visage.
Nothing appears to happen.
It was a scroll of fear.
As you read the scroll labelled GEUTRY DOSU FUPP, it crumbles to dust.
You feel aware of your surroundings.
It was a scroll of magic mapping.
You now have 47 gold pieces (gained 17).
An adder comes into view.
Found 9 stones.
Found a runed dagger.
Found a stone staircase leading down.
The adder hisses angrily.
You barely miss the adder. You grab the adder. You squeeze the adder!
You kill the adder!
Your Stealth skill increases to level 6!
You see here an adder corpse.
You see here a +2 dagger of protection.
f - a +2 dagger of protection Your +2 dagger of protection hums with potential!
f - a +2 dagger of protection (weapon)
There is a stone staircase leading down here.
You climb downwards.
There is a stone staircase leading up here.
An orc wizard comes into view. It is wielding a +0 dagger.
Found a leather armour.
An orc priest comes into view. It is wielding a +0 hand axe.
The orc wizard shouts!
The orc priest shouts!
An orc comes into view.
It is wielding a +2 hand axe of electrocution.
The orc priest calls down the wrath of Beogh upon you.
Beogh smites you!
Ouch! That really hurt!
* * * LOW HITPOINT WARNING * * *
There is a stone staircase leading up here.
The orc priest calls down the wrath of Beogh upon you.
Pain shoots through your body!
Ouch! That really hurt!
You die...

. . ### ##. .
#... o.##.
#.#.###...
........# .
#...o..
..#..#..###
........o@#
........#.###
....#.......#
............#
#.##.##.....#
... #.....#
#.## #.....#
# #######


You could see an orc priest and an orc wizard.

Vanquished Creatures
  An adder (D:2)
  A ball python (D:2)
  An endoplasm (D:1)
  A giant cockroach (D:1)
  A hobgoblin (D:1)
  A quokka (D:2)
  A rat (D:1)
7 creatures vanquished.

Vanquished Creatures (others)
  A plant (D:1)
1 creature vanquished.

Grand Total: 8 creatures vanquished

Notes
Turn   | Place    | Note
-------+----------+-------------------------------------------
     0 | D:1      | terff the Octopode Brigand began the quest for the Orb.
     0 | D:1      | Reached XP level 1. HP: 14/14 MP: 1/1
   276 | D:2      | Reached XP level 2. HP: 13/19 MP: 2/2
   310 | D:2      | Reached skill level 6 in Stealth
   333 | D:3      | Killed from afar by an orc priest

Illustrated notes

Levels and vault maps discovered:
D:1:      dpeg_arrival_orchard, layout_rooms, ebering_ecumenical_altar_rust,
          nicolae_figureground_pulse
D:2:      layout_basic, minmay_circle_x
D:3:      wander_river, layout_loops_cross, tgw_fedhas, minmay_surrounded

Skill      XL: |  1  2 |
---------------+-------+-----
Stealth        | 6 |  6.0
Fighting       | |  2.0
Short Blades   | |  2.3
Throwing       | |  2.0
Dodging        | |  1.0

Action                   || total
-------------------------++-------
Melee: Dagger            ||    18
       Constrict         ||     4
       Tentacles         ||     3
  Use: Scroll            ||     2
Armor: Skin              ||     1
Dodge: Dodged            ||    19
